 Dungeon Crawl Stone Soup version 0.29.1-15-g9cfb28693d (webtiles) character file.

Game seed: 11597720675464306421

1037 Smoke131 the Ruffian (level 8, -7/78 HPs)
             Began as a Troll Gladiator on Feb 27, 2023.
             Was an Initiate of Okawaru.
             Mangled by a two-headed ogre
             ... wielding a +0 giant club
              (24 damage)
             ... on level 5 of the Dungeon.
             The game lasted 00:11:53 (4384 turns).

Smoke131 the Ruffian (Troll Gladiator)              Turns: 4384, Time: 00:11:54

Health: -7/78      AC:  4    Str: 25    XL:     8   Next: 4%
Magic:  7/7        EV: 11    Int:  4    God:    Okawaru [......]
Gold:   336        SH:  0    Dex: 11    Spells: 7/7 levels left

rFire   + . .      SeeInvis .     - Unarmed
rCold   + . .      Faith    .   (no shield)
rNeg    . . .      Spirit   .   a - +0 robe
rPois   .          Reflect  .   b - +0 hat
rElec   .          Harm     .   (no cloak)
rCorr   .          Rampage  .   (gloves unavailable)
Will    .....                   (boots unavailable)
Stlth   +.........              (no amulet)
HPRegen 1.03/turn               j - ring of protection from fire
MPRegen 0.10/turn               u - ring of protection from cold

@: no status effects
A: large, unfitting armour, claws 3, regeneration 1, shaggy fur 1, tough skin 1
a: Renounce Religion


You were on level 5 of the Dungeon.
You worshipped Okawaru.
Okawaru was noncommittal.
You visited 2 branches of the dungeon, and saw 6 of its levels.

You collected 336 gold pieces.

Inventory:

Missiles
 c - 6 throwing nets
 l - 18 poisoned darts
 q - 4 large rocks (quivered)
Armour
 a - a +0 robe (worn)
 b - a +0 hat (worn)
Jewellery
 j - a ring of protection from fire (left claw)
 s - an amulet of magic regeneration
 t - a ring of magical power
 u - a ring of protection from cold (right claw)
Wands
 d - a wand of flame (6)
 m - a wand of iceblast (2)
Scrolls
 h - 2 scrolls of fog
 k - a scroll of torment {unknown}
Potions
 e - a potion of flight
 f - 3 potions of lignification
 g - a potion of magic
 i - a potion of invisibility
 n - 5 potions of mutation
 o - 2 potions of brilliance
 p - 3 potions of curing


   Skills:
 + Level 4.2 Fighting
 + Level 4.5 Throwing
 + Level 4.5 Dodging
 + Level 5.5 Unarmed Combat


You had 7 spell levels left.
You didn't know any spells.
Your spell library contained the following spells:

 Spells                   Type           Power      Damage    Failure   Level
 Ozocubu's Armour         Ice            0%         N/A       86%         3
 Ozocubu's Refrigeration  Ice            0%         4d7       100%        7


Dungeon Overview and Level Annotations

Branches:
Dungeon (5/15)             Temple (1/1) D:5

Altars:
Ashenzari
Dithmenos
Fedhas
Gozag
Hepliaklqana
Kikubaaqudgha
Makhleb
Okawaru
Qazlal
Ru
Sif Muna
Trog
Vehumet
Wu Jian
Xom
Yredelemnul
Zin
The Shining One


Innate Abilities, Weirdness & Mutations

You are too large for most types of armour.
You have claws for hands.
Your natural rate of healing is unusually fast.
You are covered in fur. (AC +1)
You have tough skin. (AC +1)


Message History

The black bear barely misses you.
You scratch the black bear.
The black bear is severely wounded.
You claw the black bear!
You kill the black bear!
Okawaru accepts your kill.
You have reached level 8!
You enter the shallow water.
Moving in this stuff is going to be slow.
You see here a black bear corpse.
q - 6 large rocks (gained 1)
A two-headed ogre comes into view. It is wielding two +0 giant clubs.
The two-headed ogre shouts in stereo!
Aiming: Throw Flame
Press: ? - help, Shift-Dir - straight line, f - two-headed ogre
Aim: a two-headed ogre, wielding two +0 giant clubs (85% to hit)
The puff of flame hits the two-headed ogre!
The two-headed ogre is lightly wounded.
The two-headed ogre is engulfed in a cloud of scalding steam.
Aiming: Throw Flame
Press: ? - help, Shift-Dir - straight line, f/p - two-headed ogre
Aim: a two-headed ogre, wielding two +0 giant clubs (moderately wounded, 85% to hit)
The puff of flame misses the two-headed ogre.
The two-headed ogre is engulfed in a cloud of scalding steam.
Throw: 6 large rocks
Press: ? - help, Q - select action, (/) - cycle Shift-Dir - straight line, f/p - two-headed ogre
Aim: a two-headed ogre, wielding two +0 giant clubs (moderately wounded, 75% to hit)
You throw a large rock.
The large rock hits the two-headed ogre!!
The two-headed ogre is almost dead.
The two-headed ogre hits you with a +0 giant club!! x2
Throw: 5 large rocks
Press: ? - help, Q - select action, (/) - cycle Shift-Dir - straight line, f/p - two-headed ogre
Aim: a two-headed ogre, wielding two +0 giant clubs (almost dead, 75% to hit)
You throw a large rock.
The large rock barely misses the two-headed ogre.
The two-headed ogre hits you with a +0 giant club!
* * * LOW HITPOINT WARNING * * *
The two-headed ogre hits you with a +0 giant club!!
You die...

.....#...)...............# ###
.....#...................# ####..
....###..........###########.##..
.....##.....<.#.##...~~~~~##.....
..............###†########~###...
.............###~## .P..≈##.##...
...............#~# .PP~≈≈#.###..
.............###~# ..P=!S#)##..#
#.#......)...# #@#+ .P~~≈S#.#...#
#............# #O.# .~$.≈##~##.#.
#.........##.# ##(# ########~###.
..........##.####§~# ..?.≈##~#..
......<.......#.##§# .P.$≈≈#.#..
#.......^........#.# ...?~S#.#..
...........##.##.#.# .~P(≈≈#.#..
#.........########.. ...~≈##'#..
..........#⌠...####.########.....


You could see a two-headed ogre.

Vanquished Creatures
  Pargi (D:3)
  2 black bears (D:5)
  A phantom (D:4)
  2 scorpions (D:5)
  A howler monkey (D:5)
  2 jellies (D:4)
  5 hounds
  2 iguanas
  3 orc wizards (D:5)
  Robin (D:3)
  A gnoll (D:5)
  7 adders
  An ufetubus (D:4)
  A worm (D:2)
  7 dart slugs
  7 orcs
  3 endoplasms
  5 giant cockroaches
  15 goblins
  9 hobgoblins
  4 quokkas
  5 ball pythons
  5 bats (D:2)
  4 frilled lizards
  7 kobolds
  5 rats
106 creatures vanquished.

Vanquished Creatures (others)
  A goblin (D:3)
1 creature vanquished.

Grand Total: 107 creatures vanquished

Notes
Turn   | Place    | Note
-------+----------+-------------------------------------------
     0 | D:1      | Smoke131 the Troll Gladiator began the quest for the Orb.
     0 | D:1      | Reached XP level 1. HP: 19/19 MP: 0/0
   330 | D:1      | Reached XP level 2. HP: 28/28 MP: 1/1
   984 | D:2      | Found a shimmering altar of Xom.
  1034 | D:2      | Reached XP level 3. HP: 35/35 MP: 2/2
  1548 | D:2      | Reached XP level 4. HP: 42/42 MP: 3/3
  2152 | D:3      | Noticed Robin
  2183 | D:3      | Noticed Pargi
  2344 | D:3      | Killed Pargi
  2345 | D:3      | Reached skill level 4 in Unarmed Combat
  2345 | D:3      | Reached XP level 5. HP: 32/52 MP: 4/4
  2352 | D:3      | Killed Robin
  2539 | D:3      | Found a broken altar of Ashenzari.
  2968 | D:4      | Reached XP level 6. HP: 26/61 MP: 5/5
  3539 | D:5      | Entered Level 5 of the Dungeon
  3587 | D:5      | Reached XP level 7. HP: 67/67 MP: 6/6
  3591 | D:5      | Found an ornate altar of the Wu Jian Council.
  3757 | D:5      | Reached skill level 5 in Unarmed Combat
  3967 | D:5      | Found a staircase to the Ecumenical Temple.
  3996 | Temple   | Entered the Ecumenical Temple
  4153 | D:5      | Identified the +7 chain mail "Hyzut" {Will- Int+9 Stlth+}
  4196 | D:5      | Found a basalt altar of Yredelemnul.
  4196 | D:5      | Found a sacrificial altar of Ru.
  4204 | D:5      | Found an iron altar of Okawaru.
  4206 | D:5      | Found a glowing golden altar of the Shining One.
  4208 | D:5      | Found a faded altar of an unknown god.
  4211 | D:5      | Became a worshipper of Warmaster Okawaru
  4371 | D:5      | Reached XP level 8. HP: 78/78 MP: 7/7
  4377 | D:5      | Noticed a two-headed ogre
  4384 | D:5      | Mangled by a two-headed ogre

Illustrated notes

Levels and vault maps discovered:
D:1:      heliophobic_arrival_glass_houses, layout_basic
D:2:      layout_loops_corners, basic_altar
D:3:      layout_loops_cross, lemuel_coloured_pillars_altar, uniq_robin,
          uniq_pargi
D:4:      minmay_spotlight, layout_basic
D:5:      cheibrodos_two_vegetables, layout_cave_pools,
          mainiacjoe_overflow_alcove_2, chequers_temple_overflow_minitemple,
          minmay_temple_entry_drinking_statues, serial_column_ruins,
          column_ruins_hut_pillars, column_ruins_circle_medium,
          column_ruins_open_medium, column_ruins_open_tiny,
          column_ruins_open_large, column_ruins_open_tiny,
          kennysheep_generic_room_12
Temple:   hc_temple_tempest_star

Skill      XL: |  1  2  3  4  5  6  7 |
---------------+----------------------+-----
Throwing       | 2 3 4 |  4.5
Fighting       | 2 3 4 |  4.2
Dodging        | 3 4 |  4.5
Unarmed Combat | 4 5 |  5.5

Action                   |  1- 3 |  4- 6 |  7- 9 || total
-------------------------+-------+-------+-------++-------
Melee: Unarmed           |   100 |   121 |    67 ||   288
       Punch             |     1 |     3 |     3 ||     7
Throw: Large rock        |       |     8 |     3 ||    11
Evoke: Wand              |       |     4 |     2 ||     6
  Use: Scroll            |       |    11 |     1 ||    12
Armor: Robe              |    39 |    45 |    11 ||    95
Dodge: Dodged            |    66 |    64 |    33 ||   163
